 Dungeon Crawl Stone Soup version 0.29.1-2-gbd0b4ee654 (webtiles) character file.

Game seed: 705894471058402451

100 GorkyZ the Trooper (level 4, 0/29 HPs)
             Began as a Gargoyle Fighter on Nov 26, 2022.
             Slain by Pargi (1 damage)
             ... on level 3 of the Dungeon.
             The game lasted 00:05:22 (2439 turns).

GorkyZ the Trooper (Gargoyle Fighter)               Turns: 2439, Time: 00:05:23

Health: 0/29       AC: 14    Str: 21    XL:     4   Next: 73%
Magic:  4/4        EV: 13    Int:  9    God:
Gold:   151        SH:  4    Dex:  9    Spells: 3/3 levels left

rFire   . . .      SeeInvis .   s - +1 dagger (venom)
rCold   . . .      Faith    .   c - +0 buckler
rNeg    + . .      Spirit   .   b - +0 scale mail
rPois   ∞          Reflect  .   q - +0 helmet
rElec   +          Harm     .   t - +1 cloak
rCorr   .          Rampage  .   (no gloves)
Will    .....                   (no boots)
Stlth   ..........              (no amulet)
HPRegen 0.09/turn               x - +4 ring of evasion
MPRegen 0.09/turn               (no ring)

@: no status effects
A: sickness immunity, AC +3, negative energy resistance 1, electricity
resistance, torment resistance 1, petrification resistance
a: no special abilities


You were on level 3 of the Dungeon.
You visited 1 branch of the dungeon, and saw 3 of its levels.

You collected 151 gold pieces.

Inventory:

Hand Weapons
 a - a +0 war axe
 s - a +1 dagger of venom (weapon)
Missiles
 m - 2 curare-tipped darts (quivered)
 o - 4 datura-tipped darts
Armour
 b - a +0 scale mail (worn)
 c - a +0 buckler (worn)
 g - a +0 plate armour
 q - a +0 helmet (worn)
 t - a +1 cloak (worn)
Jewellery
 x - a +4 ring of evasion (left hand)
Scrolls
 e - 2 scrolls of noise {unknown}
 j - a scroll of vulnerability {unknown}
 p - a scroll of amnesia {unknown}
 u - a scroll of blinking {unknown}
 v - a scroll of enchant armour {unknown}
 w - a scroll of magic mapping {unknown}
 y - 2 scrolls of teleportation {unknown}
Potions
 d - 2 potions of might
 f - 2 potions of mutation {unknown}
 h - 2 potions of lignification {unknown}
 i - a potion of heal wounds {unknown}
 k - a potion of degeneration {unknown}
 l - a potion of magic {unknown}
 n - 2 potions of resistance {unknown}
 r - a potion of brilliance {unknown}


   Skills:
 + Level 4.0 Fighting
 + Level 2.4 Axes
 + Level 0.7 Throwing
 + Level 3.9 Armour
 + Level 0.4 Dodging
 + Level 3.9 Shields
 + Level 0.6 Evocations


You had 3 spell levels left.
You didn't know any spells.
Your spell library contained the following spells:

 Spells                   Type           Power      Damage    Failure   Level
 Beastly Appendage        Tmut           0%         N/A       80%         1
 Wereblood                Tmut           0%         N/A       91%         2
 Portal Projectile        Hex/Tloc       0%         N/A       99%         3
 Spider Form              Tmut/Pois      0%         N/A       99%         3
 Tukima's Dance           Hex            0%         N/A       99%         3
 Blade Hands              Tmut           0%         N/A       100%        5


Dungeon Overview and Level Annotations

Branches:
Dungeon (3/15)

Altars:

Annotations:
D:3 Pargi


Innate Abilities, Weirdness & Mutations

You are immune to sickness and miasma.
Your stone body is resilient. (AC +3)
You are immune to poison.
You resist negative energy. (rN+)
You are resistant to electric shocks. (rElec)
You are resistant to unholy torment.
You are immune to petrification.


Message History

You block Pargi's attack. Pargi barely misses you. You block Pargi's attack.
Pargi looks around nervously.
Pargi attacks as you move away! Pargi barely misses you. Pargi misses you.
Pargi claws you but does no damage.
You hit Pargi.
Pargi is lightly wounded.
Pargi barely misses you. Pargi completely misses you.
Pargi claws you but does no damage.
You hit Pargi.
Pargi looks as sick as possible!
Pargi is lightly wounded.
Pargi bites you but does no damage. Pargi closely misses you.
Pargi claws you but does no damage.
You hit Pargi.
Pargi looks as sick as possible!
Pargi is moderately wounded.
Pargi closely misses you. Pargi claws you but does no damage. x2
You hit Pargi but do no damage.
Pargi looks as sick as possible!
Pargi is moderately wounded.
Pargi bites you. Pargi claws you but does no damage. x2
You closely miss Pargi.
Pargi is heavily wounded.
You block Pargi's attack. Pargi misses you. x2
Pargi attacks as you move away! Pargi bites you. Pargi claws you.
* * * LOW HITPOINT WARNING * * *
Pargi claws you but does no damage. Pargi attacks as you move away!
Pargi bites you but does no damage. Pargi misses you. You block Pargi's attack.
There is a stone staircase leading down here.
You barely miss Pargi.
Pargi is severely wounded.
Pargi bites you but does no damage. Pargi closely misses you.
Pargi barely misses you.
You hit Pargi.
Pargi looks as sick as possible!
Pargi is severely wounded.
Pargi bites you!
* * * LOW HITPOINT WARNING * * *
Pargi claws you but does no damage. x2
Pargi attacks as you move away! Pargi closely misses you. x2
Pargi barely misses you. Pargi closely misses you. Pargi completely misses you.
Pargi claws you.
You die...

########.# #.# #### #.#####
...# ###.....# ...# #.......#
############# ...#
#.......###...........# ####
#.......#.............#
###.....<#............#
#.###.##.@..........#####
#######.###.##T...............#
..............>....########.♣.#
.###########.##..#......# #♣.♣#
........##..##.###.# ♣♣.♣
##########..##.# ♣..♣ #..##..
♣.♣♣ ♣ . #..###### ♣.♣ ♣ .
####........ ♣.♣♣♣♣


You could see Pargi (extremely poisoned).

Vanquished Creatures
  4 adders (D:2)
  A worm (D:2)
  2 dart slugs (D:1)
  An orc (D:3)
  9 ball pythons
  5 bats
  An endoplasm (D:1)
  A giant cockroach (D:3)
  6 goblins
  4 hobgoblins
  4 jackals (D:2)
  5 kobolds
  A quokka (D:1)
  10 rats
54 creatures vanquished.

Vanquished Creatures (others)
  11 plants (D:1)
11 creatures vanquished.

Grand Total: 65 creatures vanquished

Notes
Turn   | Place    | Note
-------+----------+-------------------------------------------
     0 | D:1      | GorkyZ the Gargoyle Fighter began the quest for the Orb.
     0 | D:1      | Reached XP level 1. HP: 14/14 MP: 1/1
   344 | D:1      | Reached XP level 2. HP: 19/19 MP: 2/2
   792 | D:1      | Reached XP level 3. HP: 23/23 MP: 3/3
  1039 | D:2      | Reached XP level 4. HP: 29/29 MP: 4/4
  2280 | D:3      | Found a faded altar of an unknown god.
  2376 | D:3      | Reached skill level 4 in Fighting
  2395 | D:3      | Noticed Pargi
  2437 | D:3      | HP: 1/29 [Pargi (7)]
  2439 | D:3      | Slain by Pargi

Illustrated notes

Levels and vault maps discovered:
D:1:      roderic_chinese_lattice_arrival, layout_basic, solitary_fountain,
          dreamdust_princess_corridor, serial_bayou_lagoon_a, chequers_garden,
          serial_bayou_pond_d, minmay_rat_gold_closets
D:2:      layout_basic, dk_noncrumbling_2, minmay_heptomino_w4
D:3:      layout_basic, chequers_temple_overflow_statue_of_worship,
          shapermc_ecumenical_altar_totnotflames, uniq_jessica, uniq_pargi

Skill      XL: |  1  2  3  4 |
---------------+-------------+-----
Axes           | 2 |  2.4
Fighting       | 4 |  4.0
Throwing       | |  0.7
Armour         | |  3.9
Dodging        | |  0.4
Shields        | |  3.9
Evocations     | |  0.6

Action                   |  1- 3 |  4- 6 || total
-------------------------+-------+-------++-------
Melee: War axe           |    84 |    43 ||   127
       Dagger            |       |    30 ||    30
Armor: Scale mail        |    45 |    52 ||    97
Dodge: Dodged            |    43 |    50 ||    93
Block: Buckler           |    19 |    19 ||    38
